 Dungeon Crawl Stone Soup version 0.20.1-1-g8b1a95d (webtiles) character file.

16049 troglodite the Fighter (level 12, -1/87 HPs)
             Began as a Demonspawn Berserker on Dec 13, 2017.
             Was a High Priest of Trog.
             Slain by an orc warrior
             ... wielding a +0 glaive of protection
              (9 damage)
             ... on level 2 of the Orcish Mines.
             The game lasted 00:43:50 (12683 turns).

troglodite the Fighter (Demonspawn Berserker)      Turns: 12683, Time: 00:43:51

Health: -1/87      AC: 12    Str: 22    XL:     12   Next: 6%
Magic:  12/12      EV:  9    Int:  8    God:    Trog [*****.]
Gold:   1196       SH:  5    Dex: 17    Spells: 11/11 levels left

rFire    . . .     SeeInvis .   D - +8 demon blade "Bloodbane" {slice, *Rage +Rage Stlth-}
rCold    + . .     Gourm    .   (no shield)
rNeg     . . .     Faith    .   J - +1 crystal plate armour
rPois    .         Spirit   .   s - +0 helmet
rElec    .         Reflect  +   (no cloak)
rCorr    .         Harm     .   (no gloves)
MR       .....     Rnd*Rage +   (no boots)
Stlth    ..........             q - +5 amulet of reflection
Regen    0.3/turn               v - +2 ring of evasion
MPRegen  0.2/turn               h - +3 ring of strength

@: corroded, berserk cooldown, slowed, drained, very slow
A: hooves 2, icy blue scales 2, blurry vision 1, cold resistance 1, frail 1,
powered by death 2, freezing cloud immunity
a: Berserk, Trog's Hand, Brothers in Arms, Burn Spellbooks, Renounce Religion,
Evoke Berserk Rage


You were on level 2 of the Orcish Mines.
You worshipped Trog.
Trog was extremely pleased with you.
You were near starving.

You visited 2 branches of the dungeon, and saw 13 of its levels.
You also visited: Labyrinth.

You collected 1209 gold pieces.
You spent 13 gold pieces at shops.

Inventory:

Hand Weapons
 D - the +8 demon blade "Bloodbane" (weapon) {slice, *Rage +Rage Stlth-}
   (You found it in a labyrinth)

   It inflicts extra damage upon your enemies.
   It lets you go berserk.
   It may make you go berserk in combat.
   It makes you less stealthy.
 G - a +3 falchion of protection
Armour
 s - a +0 helmet (worn)
 J - a +1 crystal plate armour (worn)
Jewellery
 h - a +3 ring of strength (right hand)
 l - an uncursed ring of fire
 m - an uncursed ring of protection from fire
 q - a +5 amulet of reflection (around neck)
 v - a +2 ring of evasion (left hand)
 A - an uncursed ring of flight
Wands
 a - a wand of confusion (4/48)
 t - a wand of acid (6/15)
 z - a wand of polymorph (3/24)
 C - a wand of random effects (25/48)
 F - a wand of flame (43/48)
Scrolls
 b - a scroll of recharging
 e - 3 scrolls of remove curse
 f - 2 scrolls of amnesia
 i - a scroll of immolation
 o - a scroll of teleportation
 p - 3 scrolls of identify
 r - 2 scrolls of fear
 y - a scroll of blinking
Potions
 j - a potion of brilliance
 k - 6 potions of curing
 n - a potion of heal wounds
 u - 2 potions of berserk rage
 B - a potion of magic
 E - a potion of cancellation
Comestibles
 c - 13 bread rations
 g - 8 royal jellies


   Skills:
 * Level 10.1(9.9) Fighting
   Level 2.5(4.8) Short Blades
 + Level 6.7(6.8) Long Blades
   Level 9.1(8.9) Axes
 * Level 8.5(8.3) Armour
 * Level 7.7(7.5) Dodging
 - Level 1.3(1.1) Stealth


You had 11 spell levels left.
You didn't know any spells.

Dungeon Overview and Level Annotations

Branches:
Dungeon (11/15)            Temple (0/1) D:4            Lair (0/6) D:9
    Orc (2/2) D:10
    Elf: Orc:2

Altars:
Gozag
Nemelex Xobeh
The Shining One
Beogh

Shops:
D:5 }   D:10 [:*!


Innate Abilities, Weirdness & Mutations

You have hoof-like feet.
You are mostly covered in icy blue scales. (AC +3)
Your flesh is cold resistant. (rC+)
You regenerate health from kills.
You are immune to freezing clouds.
Scrolls take you a little longer to read.
You are frail. (-10% HP)


Message History

You kill the orc sorcerer!
Trog accepts your kill.
Trog appreciates your killing of a magic user.
The hellwing disappears in a puff of smoke!
The rust devil hits you. The rust devil corrodes you!
The orc knight hits you with a great sword.
The orc sorcerer points at you and mumbles some strange words.
You resist with some effort. The rust devil hits you.
The rust devil corrodes you! You block the orc warrior's attack.
You slash the orc sorcerer!
The orc sorcerer is severely wounded.
The orc wizard hits you but does no damage.
The orc knight hits you with a great sword!!
* * * LOW HITPOINT WARNING * * *
The orc sorcerer hits you but does no damage.
The orc priest closely misses you. The rust devil barely misses you.
The orc wizard points at you and mumbles some strange words.
You easily resist.
The orc warrior hits you from afar with a glaive of protection!
You die...

#o.....o....# ......
#...#.....#... .....
#o..##.....##..
..... ...# #8...8#
#. ..... #.....####
..... #.....#..###
..... #§o...#....
..... ##ooo......
....... #.o@)......
....... #.4........
.......
##..................
#.).................
##.#................
##..................
#...................
##..................
#..................


You could see an orc knight, a rust devil, an orc sorcerer, an orc warrior, an
orc priest and an orc wizard.

Vanquished Creatures
  An orc warlord (Orc:2)
  A minotaur (Lab)
  Josephine (Orc:2)
  Erolcha (D:9)
  The ghost of Tiamon the Cleaver, a novice MiFi of Trog (D:7)
  A tengu warrior (D:11)
  2 orc sorcerers (Orc:2)
  An ugly thing (D:11)
  A gargoyle (D:10)
  A freezing wraith (D:9)
  A hornet (D:11)
  2 hippogriffs
  5 wraiths
  A shadow (D:11)
  A redback (Lab)
  Grum (D:9)
  A human (D:7)
  4 hogs (D:7)
  5 yaks (D:9)
  A steam dragon (D:11)
  A hungry ghost (D:9)
  A warg (Orc:1)
  An ice beast (D:6)
  A black bear (D:9)
  3 sky beasts
  4 orc warriors
  3 wolves (D:9)
  9 ogres
  3 phantoms
  8 centaurs
  2 big kobolds (D:11)
  5 bullfrogs
  A gnoll sergeant (D:8)
  2 scorpions
  5 killer bees (D:10)
  7 wights
  2 vampire bats (D:11)
  2 howler monkeys
  4 crimson imps
  A quasit (D:7)
  A bullfrog zombie (D:11)
  7 orc priests
  18 orc wizards
  2 bullfrog skeletons (D:7)
  A centaur zombie (D:8)
  4 hounds
  4 jellies
  2 centaur skeletons
  2 iguanas
  2 worker ants
  A killer bee zombie (D:6)
  2 hound skeletons (D:4)
  Robin (D:4)
  A howler monkey skeleton (D:4)
  19 gnolls
  16 adders
  3 shadow imps
  An ooze (D:5)
  2 adder zombies
  An adder skeleton (D:4)
  2 worms
  A dart slug (D:1)
  3 leopard geckos
  51 orcs
  6 giant cockroaches
  16 goblins
  10 hobgoblins
  11 jackals
  6 quokkas
  9 bats
  5 frilled lizards
  14 kobolds
  A leopard gecko zombie (D:8)
  2 quokka zombies
  5 rats
330 creatures vanquished.

Vanquished Creatures (collateral kills)
  2 orc warriors (Orc:2)
  An orc wizard (Orc:2)
  An orc priest (Orc:2)
  4 orcs (Orc:2)
8 creatures vanquished.

Grand Total: 338 creatures vanquished

Notes
Turn   | Place    | Note
-------+----------+-------------------------------------------
     0 | D:1      | troglodite the Demonspawn Berserker began the quest for the Orb.
     0 | D:1      | Reached XP level 1. HP: 18/18 MP: 1/1
   117 | D:1      | Gained mutation: Your flesh is cold resistant. (rC+) [demonic ancestry]
   117 | D:1      | Reached XP level 2. HP: 12/24 MP: 2/2
   531 | D:1      | Reached XP level 3. HP: 29/29 MP: 3/3
  1013 | D:2      | Reached ** piety under Trog
  1099 | D:2      | Found an opulent altar of Gozag.
  1252 | D:2      | Gained mutation: You are partially covered in icy blue scales. (AC +2) [demonic ancestry]
  1252 | D:2      | Reached XP level 4. HP: 22/36 MP: 4/4
  3106 | D:4      | Noticed Robin
  3151 | D:4      | Reached *** piety under Trog
  3151 | D:4      | Gained mutation: You regenerate a little health from kills. [demonic ancestry]
  3151 | D:4      | Reached XP level 5. HP: 37/42 MP: 5/5
  3162 | D:4      | Reached skill level 1 in Short Blades
  3180 | D:4      | Killed Robin
  3271 | D:4      | Noticed a phantom
  3299 | D:4      | Killed a phantom
  3299 | D:4      | Reached skill level 4 in Fighting
  3416 | D:4      | Gained mutation: You have large cloven feet. [demonic ancestry]
  3416 | D:4      | Reached XP level 6. HP: 48/48 MP: 6/6
  3658 | D:4      | Found a staircase to the Ecumenical Temple.
  4092 | D:5      | Entered Level 5 of the Dungeon
  4275 | D:5      | Got a pitted battleaxe
  4276 | D:5      | Identified the cursed +1 battleaxe "Kigeh" {chop, rF+ Str+4 Int+3} (You found it on level 5 of the Dungeon)
  4373 | D:5      | Found a sparkling altar of Nemelex Xobeh.
  4380 | D:5      | Reached skill level 1 in Stealth
  4380 | D:5      | Reached XP level 7. HP: 55/55 MP: 7/7
  4496 | D:5      | Reached skill level 5 in Fighting
  4496 | D:5      | Reached skill level 1 in Axes
  4530 | D:5      | Reached **** piety under Trog
  4663 | D:5      | Found Xamauhi's Gadget Shoppe.
  4936 | D:6      | Gained mutation: You are immune to freezing clouds. [demonic ancestry]
  4936 | D:6      | Reached XP level 8. HP: 63/63 MP: 8/8
  5326 | D:6      | Reached skill level 6 in Fighting
  6055 | D:7      | Reached skill level 5 in Armour
  6057 | D:7      | Reached skill level 5 in Axes
  6057 | D:7      | Reached XP level 9. HP: 71/71 MP: 9/9
  6059 | D:7      | Reached skill level 5 in Dodging
  6328 | D:7      | Noticed Tiamon's ghost (novice MiFi)
  6337 | D:7      | Killed Tiamon's ghost
  6337 | D:7      | Reached skill level 7 in Fighting
  7329 | D:8      | Reached ***** piety under Trog
  7474 | D:8      | Gained mutation: You regenerate health from kills. [demonic ancestry]
  7474 | D:8      | Reached XP level 10. HP: 79/79 MP: 10/10
  7740 | D:8      | Found a glowing golden altar of the Shining One.
  8103 | D:9      | Noticed Erolcha
  8115 | D:9      | Killed Erolcha
  8115 | D:9      | Reached skill level 8 in Fighting
  8146 | D:9      | Found a staircase to the Lair.
  8298 | D:9      | Gained mutation: You have hoof-like feet. [potion of mutation]
  8298 | D:9      | Gained mutation: You have a pair of small horns on your head. [potion of mutation]
  8299 | D:9      | Lost mutation: You have a pair of small horns on your head. [potion of mutation]
  8299 | D:9      | Lost mutation: You have hoof-like feet. [potion of mutation]
  8299 | D:9      | Gained mutation: Scrolls take you a little longer to read. [potion of mutation]
  8299 | D:9      | Gained mutation: You are mostly covered in icy blue scales. (AC +3) [potion of mutation]
  8299 | D:9      | Gained mutation: You are frail. (-10% HP) [potion of mutation]
  8299 | D:9      | Gained mutation: You have hoof-like feet. [potion of mutation]
  8513 | D:9      | Noticed Grum
  8523 | D:9      | Killed Grum
  8814 | D:10     | Entered Level 10 of the Dungeon
  9015 | D:10     | Found Ezuijas's Armour Shoppe.
  9381 | D:10     | Reached XP level 11. HP: 78/78 MP: 11/11
  9386 | D:10     | Received a gift from Trog
  9569 | D:10     | Found a staircase to the Orcish Mines.
  9630 | D:10     | Found Bedirghong's General Store.
  9641 | D:10     | Bought a potion of degeneration for 13 gold pieces
  9653 | D:10     | Found Otughoz's Book Shop.
  9685 | D:10     | Found Jeyhuod's Distillery.
  9767 | D:10     | Found a roughly hewn altar of Beogh.
  9777 | D:10     | Reached skill level 9 in Fighting
 10167 | D:11     | Noticed a purple ugly thing
 10203 | D:11     | Found a labyrinth entrance.
 10212 | Lab      | Entered a labyrinth
 10598 | Lab      | Noticed a minotaur
 10607 | Lab      | Killed a minotaur
 10777 | Lab      | Got a warped robe
 10797 | Lab      | Identified the +1 robe of Unlet {Str+6} (You found it in a labyrinth)
 11024 | D:11     | Killed a purple ugly thing
 11623 | D:11     | Received a gift from Trog
 11715 | D:11     | Noticed a tengu warrior
 11730 | D:11     | Killed a tengu warrior
 11730 | D:11     | Reached skill level 5 in Long Blades
 11916 | Orc:1    | Entered Level 1 of the Orcish Mines
 11985 | Orc:1    | Found a roughly hewn altar of Beogh.
 12165 | Orc:2    | Entered Level 2 of the Orcish Mines
 12175 | Orc:2    | Noticed Josephine
 12187 | Orc:2    | Killed Josephine
 12402 | Orc:2    | Noticed an orc sorcerer
 12412 | Orc:2    | Killed an orc sorcerer
 12438 | Orc:2    | Found a roughly hewn altar of Beogh.
 12439 | Orc:2    | Noticed an orc high priest
 12439 | Orc:2    | Noticed an orc knight
 12439 | Orc:2    | Noticed an orc warlord
 12439 | Orc:2    | Noticed an orc knight
 12439 | Orc:2    | Noticed an orc knight
 12439 | Orc:2    | Noticed an orc sorcerer
 12439 | Orc:2    | Noticed an orc sorcerer
 12582 | Orc:2    | Found a roughly hewn altar of Beogh.
 12674 | Orc:2    | Killed an orc warlord
 12674 | Orc:2    | Reached skill level 10 in Fighting
 12674 | Orc:2    | Reached XP level 12. HP: 87/87 MP: 12/12
 12683 | Orc:2    | Slain by an orc warrior

Skill      XL: |  1  2  3  4  5  6  7  8  9 10 11 |
---------------+----------------------------------+-----
Dodging        | 2 3 4 5 6 7 |  7.7
Long Blades    | 3 6 |  6.7
Armour         | 2 3 5 6 7 8 |  8.5
Short Blades   | 2 |  2.5
Fighting       | 4 5 6 7 8 10 | 10.1
Stealth        | 1 |  1.3
Axes           | 2 5 7 9 |  9.1

Action                   |  1- 3 |  4- 6 |  7- 9 | 10-12 || total
-------------------------+-------+-------+-------+-------++-------
Melee: Falchion          |   114 |    31 |       |    67 ||   212
       Rapier            |       |   173 |       |       ||   173
       Kick              |       |    26 |    80 |   134 ||   240
       Battleaxe         |       |     4 |   225 |   166 ||   395
       Demon blade       |       |       |       |   162 ||   162
Invok: Berserk           |     2 |     6 |     5 |     8 ||    21
       Burn Spellbooks   |       |       |     2 |       ||     2
       Brothers in Arms  |       |       |       |     2 ||     2
  Use: Scroll            |       |     4 |     2 |    15 ||    21
       Potion            |       |       |       |     5 ||     5
  Eat: Chunk             |     2 |    13 |    11 |    17 ||    43
       Meat ration       |       |     1 |     1 |     1 ||     3
       Royal jelly       |       |       |       |     1 ||     1
Armor: Animal skin       |     2 |       |       |       ||     2
       Ring mail         |    45 |       |       |       ||    45
       Leather armour    |     7 |    62 |    31 |       ||   100
       Plate armour      |       |       |   136 |   150 ||   286
       Crystal plate arm |       |       |       |   138 ||   138
Dodge: Dodged            |   100 |   152 |   150 |   266 ||   668
Block: Other             |       |       |    56 |   141 ||   197
       Reflection        |       |       |     1 |     9 ||    10
       Rpst.: Falchion   |    32 |     8 |       |     5 ||    45
       Demon blade       |       |       |       |    28 ||    28
